Bears vs Heat

Created - February 27, 2022 at 19:39

Goals
1 2 3 T
Bears 3 0 3 6
Heat 1 0 2 3
Shots
1 2 3 T
Bears 11 12 10 33
Heat 12 11 12 35

1st period

1. Bears , Jake Virtanen 22 (Jamie McGinn 19, Gianluca Curcuruto 3) at 1:02
2. Bears , Jamie McGinn 18 (Angelo Esposito 28, Jake Virtanen 25) at 5:07 (PP)
3. Heat , Matthew Nieto 21 (Victor Rask 27) at 11:08
4. Bears , Jamie McGinn 19 (Angelo Esposito 29, Mikko Vainonen 9) at 14:11

Penalties :
Tyler Shattock (Sto) for Roughing (Minor) at 4:42, Rasmus Andersson (Sto) for Goalie Interference (Minor) at 18:48

2nd period

No Goal

Penalties :
Victor Rask (Sto) for Slashing (Minor) at 4:06, Greg Pateryn (Sto) for High sticking (Minor) at 14:20, Angelo Esposito (Her) for Roughing (Minor) at 18:49

3rd period

5. Bears , Jamie McGinn 20 (Angelo Esposito 30, Jake Virtanen 26) at 2:11 (PP)
6. Heat , Kevin Labanc 20 (Greg Pateryn 15, Rasmus Andersson 14) at 3:52
7. Bears , Angelo Esposito 11 (Brendan Perlini 7, Jake Allen) at 9:47 (PP)
8. Bears , Brendan Perlini 16 (Zach Stepan 22) at 10:20
9. Heat , Philip Varone 7 (Evgeny Svechnikov 11) at 10:53

Penalties :
Victor Rask (Sto) for Holding (Minor) at 1:59, Mike Hoffman (Her) for Slashing (Minor) at 7:29, Victor Rask (Sto) for Hooking (Minor) at 8:48, Philip Varone (Sto) for Hooking (Minor) at 11:38

Goalie Stats

Jake Allen (Her), 32 saves from 35 shots - (0.914), W, 13-10-2, 60:00 minutes
Nathan Lieuwen (Sto), 27 saves from 33 shots - (0.818), L, 2-5-1, 60:00 minutes

Players Stats for Bears

Player Name              G  A  P  +/- PIM S  H  SB GA TA FO     MP     PP MP  PK MP  
------------------------------------------------------------------------------------
Angelo Esposito          1  3  4   1  2   2  1  0  1  1  8/18   18:02   4:46   0:26 
Austin Wuthrich          0  0  0   0  0   1  1  0  0  0  0/1    12:02   0:25   0:00 
Brendan Perlini          1  1  2   0  0   2  3  0  0  0  0/0    12:39   0:44   0:15 
Brett Bulmer             0  0  0   0  0   0  0  0  0  0  0/0     0:00   0:00   0:00 
Caleb Jones              0  0  0   0  0   0  0  0  0  0  0/0     0:00   0:00   0:00 
Colton Sceviour          0  0  0   0  0   1  0  0  1  0  0/0    10:26   0:00   0:00 
Derek Forbort            0  0  0  -1  0   2  0  1  1  0  0/0    19:44   3:23   1:06 
Dominik Simon            0  0  0   0  0   4  0  0  0  0  7/18   14:17   3:02   0:27 
Emil Johansson           0  0  0   0  0   0  0  0  0  0  0/0     4:03   0:00   0:00 
Gianluca Curcuruto       0  1  1   2  0   0  2  0  0  1  0/0     9:54   0:00   0:00 
Jake Virtanen            1  2  3   1  0   3  2  0  1  0  5/9    17:52   4:21   0:00 
Jamie McGinn             3  1  4   2  0   4  1  0  0  0  0/2    16:33   3:58   2:20 
Joey Laleggia            0  0  0  -1  0   0  1  1  0  3  0/0    26:19   5:29   2:12 
Logan O'Connor           0  0  0   0  0   0  0  0  0  0  0/0     0:00   0:00   0:00 
Michael Prapavessis      0  0  0   0  0   0  0  0  0  0  0/0     4:03   0:00   0:00 
Mike Hoffman             0  0  0  -2  2   3  2  0  0  0  1/2    18:20   4:29   0:00 
Mikko Vainonen           0  1  1  -1  0   4  0  2  0  0  0/0    19:44   3:23   1:06 
Nick Schmaltz            0  0  0  -2  0   3  2  0  0  0  1/1    20:11   4:10   0:43 
Nikolay Prokhorkin       0  0  0   0  0   1  1  0  0  0  0/0    10:26   0:00   0:00 
Ross Colton              0  0  0   0  0   2  2  0  0  0  4/8    10:26   0:00   0:00 
Ryan Graves              0  0  0   0  0   0  0  0  0  0  0/0     0:00   0:00   0:00 
Taylor Aronson           0  0  0  -1  0   0  2  2  1  0  0/0    26:19   5:29   2:12 
Tommy Vannelli           0  0  0   2  0   0  0  0  0  0  0/0     9:54   0:00   0:00 
Trent Frederic           0  0  0   0  0   0  0  0  0  0  0/0     0:00   0:00   0:00 
Zach Stepan              0  1  1   0  0   1  2  0  0  0  6/13   14:46   0:41   2:25 

Players Stats for Heat

Player Name              G  A  P  +/- PIM S  H  SB GA TA FO     MP     PP MP  PK MP  
------------------------------------------------------------------------------------
Barclay Goodrow          0  0  0  -1  0   1  1  1  0  0  0/0     7:08   0:00   0:00 
Evgeny Svechnikov        0  1  1   0  0   1  1  0  0  2  3/3    17:09   1:45   2:41 
Frank Corrado            0  0  0  -1  0   1  1  1  1  0  0/0    21:26   1:03   4:23 
Greg Pateryn             0  1  1   0  2   2  1  2  0  0  0/0    26:46   2:15   3:16 
Jake DeBrusk             0  0  0   0  0   4  1  0  0  0  1/1    20:06   1:45   5:04 
Jesper Bratt             0  0  0  -1  0   0  1  1  0  0  0/0     8:37   0:00   1:01 
John Gilmour             0  0  0   1  0   1  0  0  0  0  0/0     9:37   0:00   0:00 
Kevin Labanc             1  0  1   2  0   3  2  1  0  1  0/0    19:44   1:33   2:41 
Mathieu Brodeur          0  0  0  -1  0   2  1  3  0  0  0/0    21:26   1:03   4:23 
Matthew Nieto            1  0  1   2  0   5  1  3  2  0  8/14   22:47   1:33   5:10 
Nico Sturm               0  0  0  -1  0   0  0  0  0  0  2/3     7:08   0:00   0:00 
Peter Cehlarik           0  0  0  -1  0   2  1  0  0  0  0/0    13:02   0:00   1:07 
Petteri Lindbohm         0  0  0   1  0   0  0  0  0  1  0/0    12:56   0:00   2:21 
Philip Varone            1  0  1   0  2   4  3  0  0  0  3/10   14:51   1:45   0:00 
Rasmus Andersson         0  1  1   0  2   5  2  0  2  1  0/0    27:48   2:15   3:21 
Ryan Spooner             0  0  0  -1  0   3  1  0  0  0  3/5    11:27   0:00   0:00 
Tyler Shattock           0  0  0  -1  2   0  2  0  0  0  0/0    11:26   0:00   0:00 
Victor Rask              0  1  1   2  6   1  3  0  0  0  20/36  16:57   1:32   0:00 

3 Stars

1 - Jamie McGinn (Her)
2 - Jake Virtanen (Her)
3 - Angelo Esposito (Her)

Power Play

Bears - 3 on 7 Attempt(s) - 42.86%
Heat - 0 on 2 Attempt(s) - 0.00%

Penalty Kill

Bears - 2 on 2 Attempt(s) - 100.00% - Score 0 goal in Penalty Kill
Heat - 4 on 7 Attempt(s) - 57.14% - Score 0 goal in Penalty Kill

Team Stat

Bears - Hits : 22 - Faceoff Wins : 32 - Blocked Shots : 6 - Penalty Minutes : 4
Heat - Hits : 22 - Faceoff Wins : 40 - Blocked Shots : 12 - Penalty Minutes : 14

Official

Referees : Dan Kelly and Ian Walsh
Linesman : David Brisebois and Bryan Pancich

Game Notes

Jamie McGinn has scored a Hat Trick!
Dominik Simon is injured at 3:39 of 3rd period (Right Wrist)

Finance

Level 1 -- Attendance: 1885 (94.25%) -- Ticket Income $65,975
Level 2 -- Attendance: 1000 (100.00%) -- Ticket Income $15,000
Total Attendance: 2885 (96.17%)
Total Ticket Income: $80,975
Other Income: $4,049
Total Income: $85,024

Bears

5 vs 5 Forward 
   Center                   Left Wing                Right Wing               Time % Phy DF OF 
 1 Dominik Simon            Mike Hoffman             Nick Schmaltz            30     0   1  4  
 2 Angelo Esposito          Jamie McGinn             Jake Virtanen            25     0   2  3  
 3 Zach Stepan              Brendan Perlini          Austin Wuthrich          23     0   2  3  
 4 Ross Colton              Nikolay Prokhorkin       Colton Sceviour          22     0   2  3  

5 vs 5 Defense 
   Defense                  Defense                                           Time % Phy DF OF 
 1 Joey Laleggia            Taylor Aronson                                    40     0   2  3  
 2 Mikko Vainonen           Derek Forbort                                     30     0   2  3  
 3 Gianluca Curcuruto       Tommy Vannelli                                    20     0   3  2  
 4 Michael Prapavessis      Emil Johansson                                    10     0   2  3  

PowerPlay Forward 
   Center                   Left Wing                Right Wing               Time % Phy DF OF 
 1 Dominik Simon            Mike Hoffman             Nick Schmaltz            60     0   1  4  
 2 Angelo Esposito          Jamie McGinn             Jake Virtanen            40     0   1  4  

PowerPlay Defense
   Defense                  Defense                                           Time % Phy DF OF 
 1 Joey Laleggia            Taylor Aronson                                    60     0   2  3  
 2 Mikko Vainonen           Derek Forbort                                     40     0   2  3  

Penalty Kill 4 Players Forward 
   Center                   Wing                     Time % Phy DF OF 
 1 Zach Stepan              Jamie McGinn             60     0   4  1  
 2 Dominik Simon            Nick Schmaltz            40     0   4  1  

Penalty Kill 4 Players Defense
   Defense                  Defense                  Time % Phy DF OF 
 1 Joey Laleggia            Taylor Aronson           60     0   4  1  
 2 Mikko Vainonen           Derek Forbort            40     0   4  1  

Penalty Kill - 3 Players Forward 
   Forward                                           Time % Phy DF OF 
 1 Zach Stepan                                       60     0   5  0  
 2 Jamie McGinn                                      40     0   5  0  

Penalty Kill - 3 Players Defense
   Defense                  Defense                  Time % Phy DF OF 
 1 Joey Laleggia            Taylor Aronson           60     0   5  0  
 2 Mikko Vainonen           Derek Forbort            40     0   5  0  

4 vs 4 Forward 
   Center                   Wing                     Time % Phy DF OF 
 1 Dominik Simon            Jake Virtanen            60     0   2  3  
 2 Angelo Esposito          Mike Hoffman             40     0   2  3  

4 vs 4 Defense
   Defense                  Defense                  Time % Phy DF OF 
 1 Joey Laleggia            Taylor Aronson           60     0   2  3  
 2 Mikko Vainonen           Derek Forbort            40     0   2  3  

Last Minutes Offensive
   Center                   Left Wing                Right Wing               Defense                  Defense                  
   Dominik Simon            Mike Hoffman             Jake Virtanen            Joey Laleggia            Taylor Aronson           

Last Minutes Defensive
   Center                   Left Wing                Right Wing               Defense                  Defense                  
   Zach Stepan              Jamie McGinn             Nick Schmaltz            Joey Laleggia            Taylor Aronson           

Goaltenders
Starting : Jake Allen               
Backup : Joni Ortio               

Extra Forwards
Normal : Dominik Simon, Jake Virtanen, Nick Schmaltz - PP : Dominik Simon, Jake Virtanen - PK : Jamie McGinn
Extra Defensemen
Normal : Ryan Graves, Caleb Jones, Gianluca Curcuruto - PP : Ryan Graves - PK : Caleb Jones, Gianluca Curcuruto
Penalty Shots
Brendan Perlini, Jake Virtanen, Dominik Simon, Nick Schmaltz, Ross Colton

Scratches
Colby Cave (Healthy), Jakob Lilja (Healthy), Jesper Pettersson (Healthy), Kerby Rychel (Sports Hernia Injury), Mackenze Stewart (Healthy)
Vincent Dunn (Healthy), Warren Foegele (Healthy), Jakob Stenqvist (Healthy), Arvid Henrikson (Healthy)

Heat

5 vs 5 Forward 
   Center                   Left Wing                Right Wing               Time % Phy DF OF 
 1 Victor Rask              Matthew Nieto            Kevin Labanc             40     1   2  2  
 2 Philip Varone            Jake DeBrusk             Evgeny Svechnikov        30     1   2  2  
 3 Ryan Spooner             Peter Cehlarik           Tyler Shattock           20     1   2  2  
 4 Nico Sturm               Jesper Bratt             Barclay Goodrow          10     1   2  2  

5 vs 5 Defense 
   Defense                  Defense                                           Time % Phy DF OF 
 1 Greg Pateryn             Rasmus Andersson                                  40     1   2  2  
 2 Frank Corrado            Mathieu Brodeur                                   30     1   2  2  
 3 John Gilmour             Petteri Lindbohm                                  20     1   2  2  
 4 Greg Pateryn             Rasmus Andersson                                  10     1   2  2  

PowerPlay Forward 
   Center                   Left Wing                Right Wing               Time % Phy DF OF 
 1 Victor Rask              Matthew Nieto            Kevin Labanc             60     1   2  2  
 2 Philip Varone            Jake DeBrusk             Evgeny Svechnikov        40     1   2  2  

PowerPlay Defense
   Defense                  Defense                                           Time % Phy DF OF 
 1 Greg Pateryn             Rasmus Andersson                                  60     1   2  2  
 2 Frank Corrado            Mathieu Brodeur                                   40     1   2  2  

Penalty Kill 4 Players Forward 
   Center                   Wing                     Time % Phy DF OF 
 1 Matthew Nieto            Jake DeBrusk             60     1   2  2  
 2 Kevin Labanc             Evgeny Svechnikov        40     1   2  2  

Penalty Kill 4 Players Defense
   Defense                  Defense                  Time % Phy DF OF 
 1 Greg Pateryn             Rasmus Andersson         60     1   2  2  
 2 Frank Corrado            Mathieu Brodeur          40     1   2  2  

Penalty Kill - 3 Players Forward 
   Forward                                           Time % Phy DF OF 
 1 Matthew Nieto                                     60     1   2  2  
 2 Jake DeBrusk                                      40     1   2  2  

Penalty Kill - 3 Players Defense
   Defense                  Defense                  Time % Phy DF OF 
 1 Greg Pateryn             Rasmus Andersson         60     1   2  2  
 2 Frank Corrado            Mathieu Brodeur          40     1   2  2  

4 vs 4 Forward 
   Center                   Wing                     Time % Phy DF OF 
 1 Matthew Nieto            Jake DeBrusk             60     1   2  2  
 2 Kevin Labanc             Evgeny Svechnikov        40     1   2  2  

4 vs 4 Defense
   Defense                  Defense                  Time % Phy DF OF 
 1 Greg Pateryn             Rasmus Andersson         60     1   2  2  
 2 Frank Corrado            Mathieu Brodeur          40     1   2  2  

Last Minutes Offensive
   Center                   Left Wing                Right Wing               Defense                  Defense                  
   Victor Rask              Matthew Nieto            Kevin Labanc             Greg Pateryn             Rasmus Andersson         

Last Minutes Defensive
   Center                   Left Wing                Right Wing               Defense                  Defense                  
   Victor Rask              Matthew Nieto            Kevin Labanc             Greg Pateryn             Rasmus Andersson         

Goaltenders
Starting : Nathan Lieuwen           
Backup : Vitek Vanecek            

Extra Forwards
Normal : Ryan Spooner, Nico Sturm, Peter Cehlarik - PP : Ryan Spooner, Nico Sturm - PK : Peter Cehlarik
Extra Defensemen
Normal : John Gilmour, Petteri Lindbohm, Frank Corrado - PP : John Gilmour - PK : Petteri Lindbohm, Frank Corrado
Penalty Shots
Matthew Nieto, Jake DeBrusk, Kevin Labanc, Evgeny Svechnikov, Victor Rask

Scratches
Alexander True (Healthy), Brandon Hickey (Healthy), Chris Brown (Healthy), Christian Jaros (Healthy), Dominik Masin (Healthy)
Eric Karlsson (Healthy), Ryan Donato (Healthy), Trevor Carrick (Healthy), Vladislav Kamenev (Healthy), Tage Thompson (Healthy)
Radim Zohorna (Healthy), Michael Hutchinson (Healthy), Collin Delia (Healthy)

% Time on Ice - Bears

Lines # - Real PCT - Wanted PCT - Time Play
Normal Forward
1 - 30% - 30% - 14:21
2 - 24% - 25% - 11:15
3 - 24% - 23% - 11:08
4 - 22% - 22% - 10:26
Normal Defense
1 - 38% - 40% - 17:58
2 - 32% - 30% - 15:15
3 - 21% - 20% - 9:54
4 - 9% - 10% - 4:03
PP Forward
1 - 55% - 60% - 4:54
2 - 45% - 40% - 3:58
PP Defense
1 - 62% - 60% - 5:29
2 - 38% - 40% - 3:23
PK Forward
1 - 78% - 60% - 2:35
2 - 22% - 40% - 0:43
PK Defense
1 - 67% - 60% - 2:12
2 - 33% - 40% - 1:06
PK3 Forward
1 - 0% - 60%
2 - 0% - 40%
PK3 Defense
1 - 0% - 60%
2 - 0% - 40%
44 Forward
1 - 100% - 60% - 0:40
2 - 0% - 40% - 0:00
44 Defense
1 - 100% - 60% - 0:40
2 - 0% - 40% - 0:00
Last Minute Offensive  - 0:00
Last Minute Defensive  - 0:00
Total
Forward - 60:00
Defense - 60:00

% Time on Ice - Heat

Lines # - Real PCT - Wanted PCT - Time Play
Normal Forward
1 - 34% - 40% - 15:55
2 - 27% - 30% - 12:40
3 - 24% - 20% - 11:27
4 - 15% - 10% - 7:08
Normal Defense
1 - 41% - 40% - 19:16
2 - 34% - 30% - 15:54
3 - 20% - 20% - 9:37
4 - 5% - 10% - 2:23
PP Forward
1 - 47% - 60% - 1:33
2 - 53% - 40% - 1:45
PP Defense
1 - 68% - 60% - 2:15
2 - 32% - 40% - 1:03
PK Forward
1 - 70% - 60% - 6:11
2 - 30% - 40% - 2:41
PK Defense
1 - 51% - 60% - 4:29
2 - 49% - 40% - 4:23
PK3 Forward
1 - 0% - 60%
2 - 0% - 40%
PK3 Defense
1 - 0% - 60%
2 - 0% - 40%
44 Forward
1 - 93% - 60% - 0:37
2 - 8% - 40% - 0:03
44 Defense
1 - 85% - 60% - 0:34
2 - 15% - 40% - 0:06
Last Minute Offensive  - 0:00
Last Minute Defensive  - 0:00
Total
Forward - 60:00
Defense - 60:00

Play-by-Play

1st period


0:01 of 1st period - Dominik Simon wins face-off versus Victor Rask in neutral zone.
0:08 of 1st period - Wrist shot by Mike Hoffman.
0:08 of 1st period - Shot Blocked by Greg Pateryn.
0:10 of 1st period - Wrist shot by Joey Laleggia.
0:10 of 1st period - Deflect By Dominik Simon.
0:10 of 1st period - Stopped by Nathan Lieuwen with a rebound.
0:12 of 1st period - Slapshot by Nick Schmaltz.
0:12 of 1st period - Shot Blocked by Matthew Nieto.
0:27 of 1st period - Icing by Joey Laleggia.
0:28 of 1st period - Angelo Esposito wins face-off versus Philip Varone in Bears zone.
1:02 of 1st period - Wrist shot by Jamie McGinn.
1:02 of 1st period - Deflect By Jake Virtanen.
1:02 of 1st period - Goal by Jake Virtanen - Bears : 1 - Heat : 0.
1:03 of 1st period - Zach Stepan wins face-off versus Ryan Spooner in neutral zone.
1:06 of 1st period - Snap shot by Brendan Perlini.
1:06 of 1st period - Deflect By Zach Stepan.
1:06 of 1st period - Stopped by Nathan Lieuwen without a rebound.
1:07 of 1st period - Ryan Spooner wins face-off versus Zach Stepan in Heat zone.
1:18 of 1st period - Snap shot by Ryan Spooner.
1:18 of 1st period - Deflect By Zach Stepan.
1:18 of 1st period - Stopped by Jake Allen without a rebound.
1:19 of 1st period - Ross Colton wins face-off versus Victor Rask in Bears zone.
1:34 of 1st period - Wrist shot by Ross Colton.
1:34 of 1st period - Shot Blocked by Matthew Nieto.
1:46 of 1st period - Rasmus Andersson is hit by Brendan Perlini and loses puck.
2:13 of 1st period - Snap shot by Tyler Shattock.
2:13 of 1st period - Shot Misses the Net.
3:13 of 1st period - Slapshot by Jake DeBrusk.
3:13 of 1st period - Stopped by Jake Allen with a rebound.
3:15 of 1st period - Snap shot by Philip Varone.
3:15 of 1st period - Deflect By Evgeny Svechnikov.
3:15 of 1st period - Shot Blocked by Taylor Aronson.
3:15 of 1st period - Puck is out of play.
3:16 of 1st period - Evgeny Svechnikov wins face-off versus Dominik Simon in Bears zone.
3:17 of 1st period - Wrist shot by Jake DeBrusk.
3:17 of 1st period - Stopped by Jake Allen with a rebound.
3:19 of 1st period - Slapshot by John Gilmour.
3:19 of 1st period - Stopped by Jake Allen without a rebound.
3:20 of 1st period - Dominik Simon wins face-off versus Victor Rask in Bears zone.
4:13 of 1st period - Snap shot by Dominik Simon.
4:13 of 1st period - Shot Misses the Net.
4:15 of 1st period - Slapshot by Joey Laleggia.
4:15 of 1st period - Shot Blocked by Frank Corrado.
4:17 of 1st period - Slapshot by Taylor Aronson.
4:17 of 1st period - Shot Misses the Net.
4:42 of 1st period - Minor Penalty to Tyler Shattock for Roughing.
4:43 of 1st period - Matthew Nieto wins face-off versus Angelo Esposito in Heat zone.
4:53 of 1st period - Snap shot by Jake Virtanen.
4:53 of 1st period - Deflect By Jamie McGinn.
4:53 of 1st period - Deflect By Rasmus Andersson.
4:53 of 1st period - Stopped by Nathan Lieuwen with a rebound.
4:55 of 1st period - Snap shot by Derek Forbort.
4:55 of 1st period - Stopped by Nathan Lieuwen without a rebound.
4:56 of 1st period - Matthew Nieto wins face-off versus Angelo Esposito in Heat zone.
5:07 of 1st period - Slapshot by Angelo Esposito.
5:07 of 1st period - Deflect By Jamie McGinn.
5:07 of 1st period - Goal by Jamie McGinn - Bears : 2 - Heat : 0.
5:08 of 1st period - Ross Colton wins face-off versus Victor Rask in neutral zone.
5:20 of 1st period - Off-side.
5:21 of 1st period - Zach Stepan wins face-off versus Philip Varone in neutral zone.
5:48 of 1st period - Greg Pateryn is hit by Jake Virtanen.
5:56 of 1st period - Backhand shot by Victor Rask.
5:56 of 1st period - Stopped by Jake Allen with a rebound.
6:18 of 1st period - Wrist shot by Colton Sceviour.
6:18 of 1st period - Shot Hit the Post.
6:36 of 1st period - Snap shot by Rasmus Andersson.
6:36 of 1st period - Stopped by Jake Allen without a rebound.
6:37 of 1st period - Angelo Esposito wins face-off versus Philip Varone in Bears zone.
7:34 of 1st period - Wrist shot by Victor Rask.
7:34 of 1st period - Shot Blocked by Joey Laleggia.
8:15 of 1st period - Jamie McGinn is hit by Jake DeBrusk and loses puck.
8:57 of 1st period - Greg Pateryn is hit by Mike Hoffman and loses puck.
9:06 of 1st period - Snap shot by Nick Schmaltz.
9:06 of 1st period - Shot Misses the Net.
9:40 of 1st period - Snap shot by Jamie McGinn.
9:40 of 1st period - Shot Blocked by Mathieu Brodeur.
10:18 of 1st period - Snap shot by Ryan Spooner.
10:18 of 1st period - Stopped by Jake Allen with a rebound.
10:20 of 1st period - Slapshot by Mathieu Brodeur.
10:20 of 1st period - Shot Misses the Net.
10:47 of 1st period - Icing by Barclay Goodrow.
10:48 of 1st period - Philip Varone wins face-off versus Angelo Esposito in Heat zone.
10:48 of 1st period - Philip Varone is hit by Jamie McGinn.
10:55 of 1st period - Off-side.
10:56 of 1st period - Zach Stepan wins face-off versus Victor Rask in neutral zone.
10:58 of 1st period - Off-side.
10:59 of 1st period - Victor Rask wins face-off versus Zach Stepan in neutral zone.
11:04 of 1st period - Backhand shot by Matthew Nieto.
11:04 of 1st period - Stopped by Jake Allen without a rebound.
11:05 of 1st period - Victor Rask wins face-off versus Austin Wuthrich in Bears zone.
11:08 of 1st period - Snap shot by Matthew Nieto.
11:08 of 1st period - Goal by Matthew Nieto - Bears : 2 - Heat : 1.
11:09 of 1st period - Angelo Esposito wins face-off versus Victor Rask in neutral zone.
11:34 of 1st period - Joey Laleggia is hit by Tyler Shattock and loses puck.
11:59 of 1st period - Mathieu Brodeur is hit by Gianluca Curcuruto and loses puck.
12:06 of 1st period - Snap shot by Brendan Perlini.
12:06 of 1st period - Shot Misses the Net.
12:28 of 1st period - Snap shot by Mike Hoffman.
12:28 of 1st period - Shot Blocked by Kevin Labanc.
12:34 of 1st period - Nick Schmaltz is hit by Matthew Nieto and loses puck.
13:12 of 1st period - Wrist shot by Peter Cehlarik.
13:12 of 1st period - Stopped by Jake Allen without a rebound.
13:13 of 1st period - Victor Rask wins face-off versus Zach Stepan in Bears zone.
13:28 of 1st period - Zach Stepan is hit by Victor Rask and loses puck.
14:05 of 1st period - Snap shot by Jake Virtanen.
14:05 of 1st period - Shot Misses the Net.
14:07 of 1st period - Slapshot by Mikko Vainonen.
14:07 of 1st period - Stopped by Nathan Lieuwen with a rebound.
14:09 of 1st period - Wrist shot by Angelo Esposito.
14:09 of 1st period - Shot Misses the Net.
14:11 of 1st period - Wrist shot by Jamie McGinn.
14:11 of 1st period - Goal by Jamie McGinn - Bears : 3 - Heat : 1.
14:12 of 1st period - Victor Rask wins face-off versus Ross Colton in neutral zone.
14:16 of 1st period - Off-side.
14:17 of 1st period - Victor Rask wins face-off versus Ross Colton in neutral zone.
14:30 of 1st period - Snap shot by Ross Colton.
14:30 of 1st period - Stopped by Nathan Lieuwen with a rebound.
14:36 of 1st period - Tommy Vannelli is hit by Mathieu Brodeur and loses puck.
14:49 of 1st period - Kevin Labanc is hit by Gianluca Curcuruto and loses puck.
15:30 of 1st period - Mathieu Brodeur is hit by Ross Colton and loses puck.
15:51 of 1st period - Slapshot by Victor Rask.
15:51 of 1st period - Shot Misses the Net.
15:53 of 1st period - Snap shot by Matthew Nieto.
15:53 of 1st period - Stopped by Jake Allen without a rebound.
15:54 of 1st period - Dominik Simon wins face-off versus Philip Varone in Bears zone.
16:09 of 1st period - Icing by Mike Hoffman.
16:10 of 1st period - Ryan Spooner wins face-off versus Dominik Simon in Bears zone.
16:36 of 1st period - Joey Laleggia is hit by Greg Pateryn.
16:39 of 1st period - Off-side.
16:40 of 1st period - Angelo Esposito wins face-off versus Nico Sturm in neutral zone.
16:49 of 1st period - Wrist shot by Angelo Esposito.
16:49 of 1st period - Stopped by Nathan Lieuwen without a rebound.
16:50 of 1st period - Angelo Esposito wins face-off versus Philip Varone in Heat zone.
17:46 of 1st period - Wrist shot by Nick Schmaltz.
17:46 of 1st period - Stopped by Nathan Lieuwen without a rebound.
17:47 of 1st period - Philip Varone wins face-off versus Angelo Esposito in Heat zone.
18:13 of 1st period - John Gilmour is hit by Austin Wuthrich and loses puck.
18:34 of 1st period - Snap shot by Ryan Spooner.
18:34 of 1st period - Shot Misses the Net.
18:37 of 1st period - Icing by Michael Prapavessis.
18:38 of 1st period - Philip Varone wins face-off versus Dominik Simon in Bears zone.
18:41 of 1st period - Slapshot by Philip Varone.
18:41 of 1st period - Stopped by Jake Allen with a rebound.
18:48 of 1st period - Minor Penalty to Rasmus Andersson for Goalie Interference.
18:49 of 1st period - Matthew Nieto wins face-off versus Dominik Simon in Heat zone.
18:49 of 1st period - Matthew Nieto is hit by Joey Laleggia.
19:00 of 1st period - Wrist shot by Jake DeBrusk.
19:00 of 1st period - Shot Misses the Net.
Goals for this period are 3 for Bears vs 1 for Heat.
Shots for this period are 11 for Bears vs 12 for Heat.

2nd period


0:01 of 2nd period - Dominik Simon wins face-off versus Matthew Nieto in neutral zone.
0:48 of 2nd period - Penalty to Rasmus Andersson is over, Rasmus Andersson is back on ice.
2:38 of 2nd period - Snap shot by Austin Wuthrich.
2:38 of 2nd period - Shot Blocked by Jesper Bratt.
2:40 of 2nd period - Wrist shot by Nick Schmaltz.
2:40 of 2nd period - Stopped by Nathan Lieuwen with a rebound.
2:42 of 2nd period - Snap shot by Dominik Simon.
2:42 of 2nd period - Stopped by Nathan Lieuwen with a rebound.
2:44 of 2nd period - Wrist shot by Dominik Simon.
2:44 of 2nd period - Stopped by Nathan Lieuwen without a rebound.
2:45 of 2nd period - Victor Rask wins face-off versus Ross Colton in Heat zone.
3:58 of 2nd period - Snap shot by Zach Stepan.
3:58 of 2nd period - Shot Blocked by Barclay Goodrow.
4:02 of 2nd period - Slapshot by Austin Wuthrich.
4:02 of 2nd period - Deflect By Brendan Perlini.
4:02 of 2nd period - Shot Misses the Net.
4:02 of 2nd period - Puck is out of play.
4:03 of 2nd period - Victor Rask wins face-off versus Jamie McGinn in Heat zone.
4:03 of 2nd period - Victor Rask is hit by Jake Virtanen.
4:06 of 2nd period - Minor Penalty to Victor Rask for Slashing.
4:07 of 2nd period - Matthew Nieto wins face-off versus Dominik Simon in Heat zone.
4:11 of 2nd period - Wrist shot by Nick Schmaltz.
4:11 of 2nd period - Shot Misses the Net.
4:13 of 2nd period - Snap shot by Mike Hoffman.
4:13 of 2nd period - Shot Misses the Net.
4:15 of 2nd period - Wrist shot by Mike Hoffman.
4:15 of 2nd period - Stopped by Nathan Lieuwen with a rebound.
4:17 of 2nd period - Slapshot by Taylor Aronson.
4:17 of 2nd period - Shot Misses the Net.
4:19 of 2nd period - Snap shot by Dominik Simon.
4:19 of 2nd period - Shot Misses the Net.
4:21 of 2nd period - Snap shot by Taylor Aronson.
4:21 of 2nd period - Shot Misses the Net.
4:23 of 2nd period - Snap shot by Nick Schmaltz.
4:23 of 2nd period - Shot Blocked by Matthew Nieto.
4:43 of 2nd period - Snap shot by Jamie McGinn.
4:43 of 2nd period - Shot Blocked by Greg Pateryn.
5:17 of 2nd period - Taylor Aronson is hit by Peter Cehlarik and loses puck.
5:48 of 2nd period - Taylor Aronson is hit by Rasmus Andersson and loses puck.
6:06 of 2nd period - Penalty to Victor Rask is over, Victor Rask is back on ice.
6:31 of 2nd period - Colton Sceviour is hit by Barclay Goodrow.
6:45 of 2nd period - Brendan Perlini is hit by Ryan Spooner and loses puck.
6:52 of 2nd period - Slapshot by Ryan Spooner.
6:52 of 2nd period - Stopped by Jake Allen with a rebound.
7:43 of 2nd period - Snap shot by Barclay Goodrow.
7:43 of 2nd period - Stopped by Jake Allen without a rebound.
7:44 of 2nd period - Nico Sturm wins face-off versus Dominik Simon in Bears zone.
8:18 of 2nd period - Wrist shot by Kevin Labanc.
8:18 of 2nd period - Shot Misses the Net.
8:41 of 2nd period - Icing by Frank Corrado.
8:42 of 2nd period - Dominik Simon wins face-off versus Ryan Spooner in Heat zone.
8:53 of 2nd period - Wrist shot by Dominik Simon.
8:53 of 2nd period - Shot Misses the Net.
8:55 of 2nd period - Slapshot by Mike Hoffman.
8:55 of 2nd period - Stopped by Nathan Lieuwen without a rebound.
8:56 of 2nd period - Victor Rask wins face-off versus Angelo Esposito in Heat zone.
9:09 of 2nd period - Wrist shot by Matthew Nieto.
9:09 of 2nd period - Stopped by Jake Allen with a rebound.
9:11 of 2nd period - Slapshot by Greg Pateryn.
9:11 of 2nd period - Stopped by Jake Allen with a rebound.
9:21 of 2nd period - Mike Hoffman is hit by Philip Varone and loses puck.
9:42 of 2nd period - Slapshot by Mikko Vainonen.
9:42 of 2nd period - Stopped by Nathan Lieuwen without a rebound.
9:43 of 2nd period - Ryan Spooner wins face-off versus Zach Stepan in Heat zone.
10:26 of 2nd period - Wrist shot by Peter Cehlarik.
10:26 of 2nd period - Stopped by Jake Allen with a rebound.
10:57 of 2nd period - Slapshot by Ryan Spooner.
10:57 of 2nd period - Shot Hit the Post.
11:17 of 2nd period - Wrist shot by Brendan Perlini.
11:17 of 2nd period - Stopped by Nathan Lieuwen without a rebound.
11:18 of 2nd period - Victor Rask wins face-off versus Dominik Simon in Heat zone.
11:43 of 2nd period - Mikko Vainonen is hit by Evgeny Svechnikov and loses puck.
11:54 of 2nd period - Wrist shot by Evgeny Svechnikov.
11:54 of 2nd period - Stopped by Jake Allen without a rebound.
11:55 of 2nd period - Jake DeBrusk wins face-off versus Dominik Simon in Bears zone.
11:56 of 2nd period - Snap shot by Philip Varone.
11:56 of 2nd period - Stopped by Jake Allen with a rebound.
12:07 of 2nd period - Off-side.
12:08 of 2nd period - Victor Rask wins face-off versus Angelo Esposito in neutral zone.
12:16 of 2nd period - Slapshot by Derek Forbort.
12:16 of 2nd period - Stopped by Nathan Lieuwen with a rebound.
12:18 of 2nd period - Snap shot by Mikko Vainonen.
12:18 of 2nd period - Stopped by Nathan Lieuwen with a rebound.
12:20 of 2nd period - Slapshot by Mikko Vainonen.
12:20 of 2nd period - Stopped by Nathan Lieuwen without a rebound.
12:21 of 2nd period - Mike Hoffman wins face-off versus Victor Rask in Heat zone.
12:24 of 2nd period - Wrist shot by Nick Schmaltz.
12:24 of 2nd period - Stopped by Nathan Lieuwen with a rebound.
13:35 of 2nd period - Slapshot by Kevin Labanc.
13:35 of 2nd period - Stopped by Jake Allen with a rebound.
13:37 of 2nd period - Slapshot by Mathieu Brodeur.
13:37 of 2nd period - Stopped by Jake Allen with a rebound.
13:39 of 2nd period - Slapshot by Mathieu Brodeur.
13:39 of 2nd period - Shot Misses the Net.
13:41 of 2nd period - Slapshot by Mathieu Brodeur.
13:41 of 2nd period - Shot Blocked by Mikko Vainonen.
13:43 of 2nd period - Slapshot by Mathieu Brodeur.
13:43 of 2nd period - Stopped by Jake Allen without a rebound.
13:44 of 2nd period - Dominik Simon wins face-off versus Victor Rask in Bears zone.
13:51 of 2nd period - Kevin Labanc is hit by Mike Hoffman and loses puck.
14:20 of 2nd period - Minor Penalty to Greg Pateryn for High sticking.
14:21 of 2nd period - Matthew Nieto wins face-off versus Dominik Simon in Heat zone.
15:54 of 2nd period - Jamie McGinn is hit by Kevin Labanc and loses puck.
16:20 of 2nd period - Penalty to Greg Pateryn is over, Greg Pateryn is back on ice.
18:02 of 2nd period - Off-side.
18:03 of 2nd period - Angelo Esposito wins face-off versus Matthew Nieto in neutral zone.
18:08 of 2nd period - Snap shot by Jake Virtanen.
18:08 of 2nd period - Shot Misses the Net.
18:10 of 2nd period - Slapshot by Jake Virtanen.
18:10 of 2nd period - Shot Blocked by Mathieu Brodeur.
18:12 of 2nd period - Snap shot by Jake Virtanen.
18:12 of 2nd period - Stopped by Nathan Lieuwen without a rebound.
18:13 of 2nd period - Evgeny Svechnikov wins face-off versus Dominik Simon in Heat zone.
18:49 of 2nd period - Minor Penalty to Angelo Esposito for Roughing.
18:50 of 2nd period - Zach Stepan wins face-off versus Victor Rask in Bears zone.
18:50 of 2nd period - Zach Stepan is hit by Rasmus Andersson.
19:02 of 2nd period - Slapshot by Rasmus Andersson.
19:02 of 2nd period - Stopped by Jake Allen with a rebound.
19:04 of 2nd period - Snap shot by Greg Pateryn.
19:04 of 2nd period - Shot Blocked by Taylor Aronson.
Goals for this period are 0 for Bears vs 0 for Heat.
Shots for this period are 12 for Bears vs 11 for Heat.

3rd period


0:01 of 3rd period - Victor Rask wins face-off versus Zach Stepan in neutral zone.
0:04 of 3rd period - Wrist shot by Kevin Labanc.
0:04 of 3rd period - Shot Misses the Net.
0:49 of 3rd period - Penalty to Angelo Esposito is over, Angelo Esposito is back on ice.
0:53 of 3rd period - Wrist shot by Dominik Simon.
0:53 of 3rd period - Stopped by Nathan Lieuwen with a rebound.
1:48 of 3rd period - Snap shot by Jake DeBrusk.
1:48 of 3rd period - Stopped by Jake Allen without a rebound.
1:49 of 3rd period - Ross Colton wins face-off versus Matthew Nieto in Bears zone.
1:51 of 3rd period - Icing by Taylor Aronson.
1:52 of 3rd period - Ross Colton wins face-off versus Matthew Nieto in Bears zone.
1:52 of 3rd period - Ross Colton is hit by Kevin Labanc.
1:59 of 3rd period - Minor Penalty to Victor Rask for Holding.
2:00 of 3rd period - Matthew Nieto wins face-off versus Angelo Esposito in Heat zone.
2:11 of 3rd period - Snap shot by Jamie McGinn.
2:11 of 3rd period - Goal by Jamie McGinn - Bears : 4 - Heat : 1.
2:12 of 3rd period - Victor Rask wins face-off versus Dominik Simon in neutral zone.
3:26 of 3rd period - Kevin Labanc is hit by Angelo Esposito and loses puck.
3:35 of 3rd period - Wrist shot by Matthew Nieto.
3:35 of 3rd period - Shot Misses the Net.
3:37 of 3rd period - Snap shot by Matthew Nieto.
3:37 of 3rd period - Stopped by Jake Allen without a rebound.
3:38 of 3rd period - Dominik Simon wins face-off versus Matthew Nieto in Bears zone.
3:38 of 3rd period - Dominik Simon is hit by Victor Rask.
3:39 of 3rd period - Dominik Simon from Bears is injured at 3:39 of 3rd period (Right Wrist).
3:40 of 3rd period - Jake Virtanen wins face-off versus Victor Rask in Bears zone.
3:42 of 3rd period - Icing by Mike Hoffman.
3:43 of 3rd period - Victor Rask wins face-off versus Jake Virtanen in Bears zone.
3:46 of 3rd period - Slapshot by Matthew Nieto.
3:46 of 3rd period - Shot Misses the Net.
3:48 of 3rd period - Slapshot by Rasmus Andersson.
3:48 of 3rd period - Stopped by Jake Allen with a rebound.
3:50 of 3rd period - Slapshot by Greg Pateryn.
3:50 of 3rd period - Stopped by Jake Allen with a rebound.
3:52 of 3rd period - Wrist shot by Kevin Labanc.
3:52 of 3rd period - Goal by Kevin Labanc - Bears : 4 - Heat : 2.
3:53 of 3rd period - Victor Rask wins face-off versus Jake Virtanen in neutral zone.
4:20 of 3rd period - Philip Varone is hit by Ross Colton and loses puck.
4:29 of 3rd period - Backhand shot by Jake DeBrusk.
4:29 of 3rd period - Stopped by Jake Allen without a rebound.
4:30 of 3rd period - Jake Virtanen wins face-off versus Victor Rask in Bears zone.
4:55 of 3rd period - Jake DeBrusk is hit by Zach Stepan and loses puck.
5:06 of 3rd period - Slapshot by Brendan Perlini.
5:06 of 3rd period - Shot Misses the Net.
5:25 of 3rd period - Wrist shot by Nikolay Prokhorkin.
5:25 of 3rd period - Stopped by Nathan Lieuwen with a rebound.
5:35 of 3rd period - Snap shot by Jake Virtanen.
5:35 of 3rd period - Stopped by Nathan Lieuwen without a rebound.
5:36 of 3rd period - Nico Sturm wins face-off versus Angelo Esposito in Heat zone.
6:01 of 3rd period - Taylor Aronson is hit by Victor Rask and loses puck.
6:28 of 3rd period - Austin Wuthrich is hit by Frank Corrado and loses puck.
6:37 of 3rd period - Mathieu Brodeur is hit by Taylor Aronson.
6:51 of 3rd period - Wrist shot by Philip Varone.
6:51 of 3rd period - Shot Misses the Net.
6:53 of 3rd period - Snap shot by Frank Corrado.
6:53 of 3rd period - Deflect By Mikko Vainonen.
6:53 of 3rd period - Stopped by Jake Allen without a rebound.
6:54 of 3rd period - Jake Virtanen wins face-off versus Victor Rask in Bears zone.
7:07 of 3rd period - Wrist shot by Mike Hoffman.
7:07 of 3rd period - Stopped by Nathan Lieuwen without a rebound.
7:08 of 3rd period - Victor Rask wins face-off versus Ross Colton in Heat zone.
7:19 of 3rd period - Slapshot by Ross Colton.
7:19 of 3rd period - Stopped by Nathan Lieuwen with a rebound.
7:21 of 3rd period - Wrist shot by Colton Sceviour.
7:21 of 3rd period - Stopped by Nathan Lieuwen without a rebound.
7:22 of 3rd period - Victor Rask wins face-off versus Jake Virtanen in Heat zone.
7:22 of 3rd period - Victor Rask is hit by Nick Schmaltz.
7:29 of 3rd period - Minor Penalty to Mike Hoffman for Slashing.
7:30 of 3rd period - Victor Rask wins face-off versus Zach Stepan in Bears zone.
8:12 of 3rd period - Icing by Mathieu Brodeur.
8:13 of 3rd period - Evgeny Svechnikov wins face-off versus Angelo Esposito in Heat zone.
8:26 of 3rd period - Slapshot by Mathieu Brodeur.
8:26 of 3rd period - Shot Blocked by Mikko Vainonen.
8:28 of 3rd period - Snap shot by Jake DeBrusk.
8:28 of 3rd period - Shot Misses the Net.
8:30 of 3rd period - Slapshot by Mathieu Brodeur.
8:30 of 3rd period - Shot Misses the Net.
8:32 of 3rd period - Slapshot by Evgeny Svechnikov.
8:32 of 3rd period - Shot Blocked by Derek Forbort.
8:34 of 3rd period - Snap shot by Philip Varone.
8:34 of 3rd period - Stopped by Jake Allen without a rebound.
8:35 of 3rd period - Victor Rask wins face-off versus Zach Stepan in Bears zone.
8:42 of 3rd period - Snap shot by Kevin Labanc.
8:42 of 3rd period - Stopped by Jake Allen without a rebound.
8:43 of 3rd period - Zach Stepan wins face-off versus Victor Rask in Bears zone.
8:48 of 3rd period - Minor Penalty to Victor Rask for Hooking.
8:49 of 3rd period - Nick Schmaltz wins face-off versus Matthew Nieto in Heat zone.
9:29 of 3rd period - Penalty to Mike Hoffman is over, Mike Hoffman is back on ice.
9:45 of 3rd period - Snap shot by Angelo Esposito.
9:45 of 3rd period - Shot Blocked by Mathieu Brodeur.
9:47 of 3rd period - Wrist shot by Angelo Esposito.
9:47 of 3rd period - Goal by Angelo Esposito - Bears : 5 - Heat : 2.
9:48 of 3rd period - Jake Virtanen wins face-off versus Victor Rask in neutral zone.
10:15 of 3rd period - Jake DeBrusk is hit by Zach Stepan and loses puck.
10:20 of 3rd period - Snap shot by Brendan Perlini.
10:20 of 3rd period - Goal by Brendan Perlini - Bears : 6 - Heat : 2.
10:21 of 3rd period - Victor Rask wins face-off versus Jamie McGinn in neutral zone.
10:46 of 3rd period - Mike Hoffman is hit by Philip Varone and loses puck.
10:53 of 3rd period - Snap shot by Philip Varone.
10:53 of 3rd period - Goal by Philip Varone - Bears : 6 - Heat : 3.
10:54 of 3rd period - Jake Virtanen wins face-off versus Victor Rask in neutral zone.
11:19 of 3rd period - Evgeny Svechnikov is hit by Nikolay Prokhorkin and loses puck.
11:38 of 3rd period - Minor Penalty to Philip Varone for Hooking.
11:39 of 3rd period - Matthew Nieto wins face-off versus Mike Hoffman in Heat zone.
11:48 of 3rd period - Frank Corrado is hit by Nick Schmaltz and loses puck.
12:33 of 3rd period - Slapshot by Rasmus Andersson.
12:33 of 3rd period - Stopped by Jake Allen without a rebound.
12:34 of 3rd period - Matthew Nieto wins face-off versus Angelo Esposito in Bears zone.
12:35 of 3rd period - Slapshot by Rasmus Andersson.
12:35 of 3rd period - Stopped by Jake Allen with a rebound.
13:38 of 3rd period - Penalty to Philip Varone is over, Philip Varone is back on ice.
14:10 of 3rd period - Off-side.
14:11 of 3rd period - Zach Stepan wins face-off versus Victor Rask in neutral zone.
14:20 of 3rd period - Snap shot by Austin Wuthrich.
14:20 of 3rd period - Stopped by Nathan Lieuwen without a rebound.
14:21 of 3rd period - Angelo Esposito wins face-off versus Philip Varone in Heat zone.
14:27 of 3rd period - Icing by Jake DeBrusk.
14:28 of 3rd period - Angelo Esposito wins face-off versus Philip Varone in Heat zone.
15:12 of 3rd period - Joey Laleggia is hit by Tyler Shattock.
15:42 of 3rd period - Off-side.
15:43 of 3rd period - Victor Rask wins face-off versus Jake Virtanen in neutral zone.
18:28 of 3rd period - Mathieu Brodeur is hit by Brendan Perlini and loses puck.
18:46 of 3rd period - Nikolay Prokhorkin is hit by Philip Varone and loses puck.
19:01 of 3rd period - Rasmus Andersson is hit by Taylor Aronson.
19:22 of 3rd period - Mikko Vainonen is hit by Jesper Bratt.
19:45 of 3rd period - Frank Corrado is hit by Brendan Perlini and loses puck.
Goals for this period are 3 for Bears vs 2 for Heat.
Shots for this period are 10 for Bears vs 12 for Heat.